 Dungeon Sprint DCSS version 0.17-a0-1663-gb806841 (webtiles) character file.

980 Kidiri the Covert (level 7, -18/32 HPs)
             Began as a Spriggan Enchanter on Aug 16, 2015.
             Demolished by a kraken (28 damage)
             ... in the Dungeon (Sprint II: "The Violet Keep of Menkaure").
             The game lasted 00:02:00 (377 turns).

Kidiri the Covert (Spriggan Enchanter)               Turns: 377, Time: 00:02:00

Health: -18/32     AC:  3    Str:  4    XL:     7   Next: 96%
Magic:  15/21      EV: 28    Int: 17    God:
Gold:   972        SH:  0    Dex: 18    Spells: 5 memorised, 14 levels left

rFire  . . .     SeeInvis +     a - +1 dagger
rCold  . . .     Clarity  .     b - +1 robe
rNeg   . . .     SustAt   .     (shield restricted)
rPois  .         Gourm    .     (helmet restricted)
rElec  .         Spirit   .     (no cloak)
rCorr  .         Warding  .     (gloves unavailable)
rMut   .         NoTele   +     (boots unavailable)
MR     +....                    (no amulet)
Stlth  ++++++....               (no ring)
                                (no ring)

@: very quick, somewhat resistant to hostile enchantments, very stealthy
A: unfitting armour, see invisible, herbivore 3, speed 3, slow metabolism 2
a: no special abilities


You were in the Dungeon.
You were not hungry.

You visited 1 branch You collected 972 gold pieces.

Inventory:

Hand weapons
 a - a +1 dagger (weapon)
Armour
 b - a +1 robe (worn)
Scrolls
 j - a scroll of blinking
Potions
 g - a potion of haste
 h - 2 potions of magic
Books
 c - a book of Maledictions

   Spells                             Type                      Level
   a - Corona                         Hexes                        1
   b - Ensorcelled Hibernation        Hexes/Ice                    2
   c - Confuse                        Hexes                        3
   d - Tukima's Dance                 Hexes                        3
   e - Dazzling Spray                 Conjuration/Hexes            3
Comestibles
 d - a bread ration


   Skills:
 + Level 6.4 Short Blades
 * Level 12.0 Dodging
 * Level 13.2 Stealth
 * Level 10.4 Spellcasting
 + Level 2.3 Conjurations
 + Level 7.8 Hexes
 + Level 2.5 Ice Magic


You had 14 spell levels left.
You knew the following spells:

 Your Spells              Type           Power        Failure   Level  Hunger
a - Corona                Hex            #####..      1%          1    None
b - Ensorcelled Hibernat  Hex/Ice        ####..       1%          2    None
c - Confuse               Hex            #####...     1%          3    None
d - Tukima's Dance        Hex            #####...     1%          3    None
e - Dazzling Spray        Conj/Hex       ####....     3%          3    None


Dungeon Overview and Level Annotations

Branches:
Dungeon (1/1)

Altars:

Shops:
D =}[*?

Annotations:
D exclusion: Roxanne, Roxanne


Innate Abilities, Weirdness & Mutations

You are tiny and cannot use many weapons and most armour.
You have supernaturally acute eyesight.
You are a herbivore.
You cover ground extremely quickly.
You need consume almost no food.


Message History

The kraken closely misses you.
You strike the helpless kraken from behind!
You impale the kraken!!
The kraken is moderately wounded.
You hit the kraken but do no damage.
The kraken is moderately wounded.
You hit the kraken but do no damage.
The kraken is moderately wounded.
The kraken bites you!!
Ouch! That really hurt!
Casting: Confuse
Confirm with . or Enter, or press ? or * to list all spells.
Aiming: Dazzling Spray
Press: ? - help, Shift-Dir - straight line, f/p - kraken
Aim: a kraken (water, moderately wounded, confused)
The spray of energy hits the kraken.
The kraken is moderately wounded.
The kraken misses you. The kraken bites you!!
Ouch! That really hurt!
You die...

+#### §§≈§§§≈##
§§§§≈§§##
§§8.§≈§§# ##
≈≈§§.§ #≈# §§≈§
#####≈≈#+++#+++##
####≈≈≈@........#
...#≈≈≈≈X##'##..#
...#≈≈≈≈##...##
...#≈≈≈≈#..#..#
∩..#≈≈####.#.####
.∩.#≈##.###'###.##
∩.∩#≈#...##.##...#
.∩.+≈+.#)'.<.%###+
#...##.##...#


You could see a kraken (confused).

Vanquished Creatures
  A siren (D)
  2 boulder beetles (D)
  4 necrophages (D)
  3 worms (D)
10 creatures vanquished.

Notes
Turn   | Place    | Note
--------------------------------------------------------------
     0 | D        | Kidiri the Spriggan Enchanter began the quest for the Orb.
     0 | D        | Reached XP level 1. HP: 9/9 MP: 5/5
     1 | D        | Noticed a necrophage
     1 | D        | Noticed a necrophage
     1 | D        | Noticed a necrophage
     1 | D        | Noticed a necrophage
    13 | D        | Killed a necrophage
    13 | D        | Reached skill level 6 in Dodging
    13 | D        | Reached skill level 8 in Stealth
    13 | D        | Reached skill level 5 in Spellcasting
    13 | D        | Reached skill level 5 in Hexes
    13 | D        | Reached XP level 2. HP: 13/13 MP: 4/9
    13 | D        | Reached XP level 3. HP: 16/16 MP: 4/11
    13 | D        | Reached XP level 4. HP: 21/21 MP: 4/12
    20 | D        | Killed a necrophage
    20 | D        | Reached skill level 9 in Stealth
    20 | D        | Reached XP level 5. HP: 24/24 MP: 5/15
    28 | D        | Killed a necrophage
    28 | D        | Reached skill level 10 in Stealth
    69 | D        | Killed a necrophage
    69 | D        | Reached skill level 5 in Short Blades
    69 | D        | Reached skill level 10 in Dodging
    69 | D        | Reached skill level 11 in Stealth
    69 | D        | Reached XP level 6. HP: 28/28 MP: 12/18
    73 | D        | Learned a level 2 spell: Ensorcelled Hibernation
    77 | D        | Learned a level 3 spell: Confuse
    81 | D        | Learned a level 3 spell: Tukima's Dance
    85 | D        | Learned a level 3 spell: Dazzling Spray
   216 | D        | Noticed a siren
   220 | D        | Noticed a boulder beetle
   220 | D        | Noticed a boulder beetle
   253 | D        | Killed a siren
   253 | D        | Reached skill level 12 in Stealth
   253 | D        | Reached skill level 1 in Conjurations
   253 | D        | Reached skill level 1 in Ice Magic
   253 | D        | Reached XP level 7. HP: 32/32 MP: 15/21
   304 | D        | Killed a boulder beetle
   304 | D        | Reached skill level 10 in Spellcasting
   306 | D        | Killed a boulder beetle
   306 | D        | Reached skill level 13 in Stealth
   357 | D        | Noticed Roxanne
   359 | D        | Noticed a kraken
   360 | D        | Found Ymodeh's Magic Scroll Boutique.
   365 | D        | Found Esimy's Antique Armour Shop.
   365 | D        | Found Qasusm's Assorted Antiques.
   366 | D        | Found Zilapt's Jewellery Boutique.
   366 | D        | Found Sowihas's Gadget Shop.
   377 | D        | Demolished by a kraken

Vault maps used:
D:        the_violet_keep_of_menkaure

Action                   |  1- 3 |  4- 6 |  7- 9 || total
-------------------------+-------+-------+-------++-------
Melee: Dagger            |     9 |    60 |    14 ||    83
 Cast: Corona            |     1 |       |       ||     1
       Ensorcelled Hiber |       |     3 |     5 ||     8
       Confuse           |       |       |     1 ||     1
       Dazzling Spray    |       |       |     1 ||     1
  Use: Potion            |     1 |     2 |       ||     3
 Stab: Sleeping          |       |     4 |     2 ||     6
       Confused          |       |       |     2 ||     2
